 Dungeon Crawl Stone Soup version 0.23.2-1-ga50397a (webtiles) character file.

Game seed: 9378549099390566260

237485 Exporg the Peltast (level 20, -14/152 HPs)
             Began as a Formicid Fighter on June 1, 2019.
             Was a Priest of Nemelex Xobeh.
             Killed from afar by a shadow dragon (28 damage)
             ... with a bolt of negative energy
             ... on level 4 of the Vaults.
             The game lasted 02:07:15 (49640 turns).

Exporg the Peltast (Formicid Fighter)              Turns: 49640, Time: 02:07:15

Health: -14/152    AC: 32    Str: 31    XL:     20   Next: 48%
Magic:  0/26       EV: 14    Int: 10    God:    Nemelex Xobeh [***...]
Gold:   1261       SH: 24    Dex: 15    Spells: 19/19 levels left

rFire    . . .     SeeInvis +   b - +10 glaive "Oddaav" {drain, +Fly SInv}
rCold    + + .     Gourm    .   E - +2 large shield {AC+3}
rNeg     . . .     Faith    .   I - +8 plate armour of the Vaults {rC+ MR+}
rPois    +         Spirit   +   (helmet unavailable)
rElec    +         Reflect  .   F - +0 cloak
rCorr    .         Harm     .   U - +2 pair of gloves
MR       +++..                  m - +0 pair of boots
Stlth    ..........             z - amulet of guardian spirit
HPRegen  0.35/turn              M - +4 ring of slaying
MPRegen  0.20/turn              r - ring "Iqupin" {rElec rPois rC+ Str+5 Dex+3}

@: marked, studying Dodging, heavily drained
A: permanent stasis, dig shafts and tunnels, four strong arms, antennae 3, low
mp 1, screaming 1
}: 1/15 runes: decaying
a: Dig, Shaft Self, Draw Escape, Draw Destruction, Draw Summoning, Triple Draw,
Renounce Religion, Evoke Flight


You were on level 4 of the Vaults.
You worshipped Nemelex Xobeh.
Nemelex Xobeh was most pleased with you.
You were hungry.

You visited 6 branches of the dungeon, and saw 31 of its levels.
You also visited: Sewer and Bailey.

You collected 3455 gold pieces.
You spent 2194 gold pieces at shops.

Inventory:

Hand Weapons
 a - a +4 battleaxe of flaming
 b - the +10 glaive "Oddaav" (weapon) {drain, +Fly SInv}
   (You found it on level 1 of the Lair of Beasts)

   A truly terrible weapon, it drains the life of those it strikes.
   It lets you see invisible.
   It lets you fly.
 B - the +7 flail of Patience {crush, rF+ rN+ Str-3}
   (You found it on level 12 of the Dungeon)

   It inflicts extra damage upon your enemies.
   It affects your strength (-3).
   It protects you from fire.
   It protects you from negative energy.
 N - a +0 arbalest
Missiles
 K - 415 bolts
 X - 5 throwing nets (quivered)
Armour
 m - a +0 pair of boots (worn)
 t - a scarf of resistance
 E - a +2 large shield of protection (worn)
 F - a +0 cloak (worn)
 H - a +2 plate armour of poison resistance
 I - the +8 plate armour of the Vaults (worn) {rC+ MR+}
   (You bought it in a shop on level 2 of the Orcish Mines)

   It protects you from cold.
   It affects your resistance to hostile enchantments.
 U - a +2 pair of gloves (worn)
Jewellery
 c - the ring "Qagaell" {rF+ Str+3}
   (You took it off a yaktaur on level 1 of the Vaults)

   [ring of protection from fire]

   It affects your strength (+3).
   It protects you from fire.
 o - an uncursed ring of positive energy
 q - the ring of the Median {rPois MR+ Str-3 Dex+7}
   (You found it on level 3 of the Swamp)

   [ring of poison resistance]

   It affects your strength (-3).
   It affects your dexterity (+7).
   It protects you from poison.
   It affects your resistance to hostile enchantments.
 r - the ring "Iqupin" (right hand) {rElec rPois rC+ Str+5 Dex+3}
   (You acquired it on level 1 of the Vaults)

   [ring of strength]

   It affects your strength (+5).
   It affects your dexterity (+3).
   It protects you from cold.
   It insulates you from electricity.
   It protects you from poison.
 z - an amulet of guardian spirit (around neck)
 M - a +4 ring of slaying (left hand)
 Y - a +5 ring of evasion
Wands
 h - a wand of polymorph (3)
 u - a wand of flame (18)
 w - a wand of acid (23)
 A - a wand of digging (10)
 D - a wand of iceblast (53)
 R - a wand of paralysis (7)
 W - a wand of random effects (48)
Scrolls
 d - 3 scrolls of immolation
 e - 3 scrolls of fear
 l - 21 scrolls of remove curse
 s - 3 scrolls of fog
 v - 3 scrolls of amnesia
 y - 2 scrolls of enchant armour
 C - 3 scrolls of summoning
 L - 2 scrolls of magic mapping
 P - 5 scrolls of enchant weapon
 Z - 2 scrolls of brand weapon
Potions
 i - 5 potions of mutation
 j - 8 potions of brilliance
 k - 7 potions of might
 n - a potion of agility
 p - 6 potions of curing
 x - 3 potions of ambrosia
 G - 3 potions of magic
 J - a potion of flight {unknown}
 Q - a potion of resistance {unknown}
 S - 2 potions of invisibility
 T - 4 potions of cancellation
 V - 7 potions of lignification
Books
 O - a manual of Dodging
Comestibles
 f - 38 rations


   Skills:
 - Level 11.7(9.3) Fighting
 - Level 13.8(14.4) Axes
 - Level 10.6(11.0) Maces & Flails
 + Level 14.1(13.6) Polearms
 - Level 3.9(2.0) Throwing
 + Level 14.2(11.7) Armour
 * Level 13.1(10.6) Dodging
 - Level 0.9(0.0) Stealth
 + Level 17.3(14.6) Shields
 * Level 12.3(9.9) Invocations
 - Level 1.0(0.0) Evocations


You had 19 spell levels left.
You didn't know any spells.
Your spell library contained the following spells:

 Spells                   Type           Power        Failure   Level  Hunger
 Animate Skeleton         Necr           N/A          94%         1    ##.....
 Apportation              Tloc           #.....       94%         1    ##.....
 Confusing Touch          Hex            #.....       94%         1    ##.....
 Flame Tongue             Conj/Fire      #....        94%         1    ##.....
 Freeze                   Ice            #...         94%         1    ##.....
 Infusion                 Chrm           #...         94%         1    ##.....
 Magic Dart               Conj           #...         94%         1    ##.....
 Sandblast                Erth           #.....       94%         1    ##.....
 Shock                    Conj/Air       #...         94%         1    ##.....
 Sting                    Conj/Pois      #...         94%         1    ##.....
 Summon Butterflies       Summ           #.......     94%         1    ##.....
 Summon Small Mammal      Summ           #...         94%         1    ##.....
 Call Imp                 Summ           #.......     98%         2    ###....
 Passwall                 Tmut/Erth      #.......     98%         2    ###....
 Poisonous Vapours        Pois/Air       #.....       98%         2    ###....
 Shroud of Golubria       Chrm/Tloc      #.........   98%         2    ###....
 Slow                     Hex            #.......     98%         2    ###....
 Song of Slaying          Chrm           #.......     98%         2    ###....
 Swiftness                Chrm/Air       #.......     98%         2    ###....
 Throw Flame              Conj/Fire      #.....       98%         2    ###....
 Throw Frost              Conj/Ice       #.....       98%         2    ###....
 Conjure Flame            Conj/Fire      #.......     100%        3    ####...
 Gell's Gravitas          Tloc           #.........   100%        3    ####...
 Inner Flame              Hex/Fire       #.......     100%        3    ####...
 Lesser Beckoning         Tloc           #.........   100%        3    ####...
 Mephitic Cloud           Conj/Pois/Air  #.......     100%        3    ####...
 Ozocubu's Armour         Chrm/Ice       #.......     100%        3    ####...
 Portal Projectile        Hex/Tloc       #.....       100%        3    ####...
 Regeneration             Chrm/Necr      #.........   100%        3    ####...
 Spectral Weapon          Hex/Chrm       #.......     100%        3    ####...
 Static Discharge         Conj/Air       #.......     100%        3    ####...
 Stone Arrow              Conj/Erth      #.....       100%        3    ####...
 Tukima's Dance           Hex            #.......     100%        3    ####...
 Airstrike                Air            #.........   100%        4    #####..
 Force Lance              Conj/Tloc      #.......     100%        4    #####..
 Olgreb's Toxic Radiance  Pois           #.......     100%        4    #####..
 Petrify                  Tmut/Erth      #.......     100%        4    #####..
 Sticky Flame             Conj/Fire      #.......     100%        4    #####..
 Summon Ice Beast         Ice/Summ       #.......     100%        4    #####..
 Throw Icicle             Conj/Ice       #.......     100%        4    #####..
 Alistair's Intoxication  Tmut/Pois      #.......     100%        5    ######.
 Fireball                 Conj/Fire      #.........   100%        5    ######.
 Lee's Rapid Deconstruct  Erth           #.........   100%        5    ######.
 Lightning Bolt           Conj/Air       #.........   100%        5    ######.
 Venom Bolt               Conj/Pois      #.........   100%        5    ######.
 Dispersal                Tloc           #.........   100%        6    #######
 Invisibility             Hex            #.......     100%        6    #######
 Malign Gateway           Summ/Tloc      #.........   100%        7    #######
 Monstrous Menagerie      Summ           #.........   100%        7    #######
 Summon Greater Demon     Summ           #.........   100%        7    #######
 Disjunction              Tloc           #.........   100%        8    #######
 Summon Horrible Things   Summ           #.........   100%        8    #######
 Blink                    Tloc           Unusable     N/A         2    N/A
 Controlled Blink         Tloc           Unusable     N/A         8    N/A

Dungeon Overview and Level Annotations

Branches:
Dungeon (15/15)            Temple (1/1) D:6            Lair (6/6) D:9
  Swamp (4/4) Lair:4        Snake (0/4) Lair:2        Slime (0/5) Lair:5
    Orc (2/2) D:12            Elf (0/3) Orc:2        Vaults (2/5) D:14
  Crypt (0/3) Vaults:2     Depths (0/5) D:15

Altars:
Ashenzari
Cheibriados
Dithmenos
Elyvilon
Fedhas
Gozag
Hepliaklqana
Kikubaaqudgha
Makhleb
Nemelex Xobeh
Okawaru
Qazlal
Ru
Sif Muna
Trog
Uskayaw
Vehumet
Wu Jian
Xom
Yredelemnul
Zin
The Shining One
Beogh

Shops:
D:7 %   Orc:2 !?[=   Vaults:1 }   Vaults:2 *

Annotations:
Lair:3 exclusion: oklob plant
Lair:5 1 runed translucent door, exclusion: oklob plant, Hycrow's ghost, journeyman MiBe
Lair:6 exclusion: oklob plant


Innate Abilities, Weirdness & Mutations

You cannot be hasted, slowed, berserked, paralysed or teleported.
You can dig through walls and to a lower floor.
Your four strong arms can wield two-handed weapons with a shield.
You have a pair of large antennae on your head. (SInv)
Your magical capacity is low. (-10% MP)
You occasionally shout uncontrollably at your foes.


Message History

The shadow dragon is heavily wounded.
The human changes into a yak!
Your molten gargoyle completely misses the vault sentinel.
You block the shadow dragon's attack. The shadow dragon claws you!
* * * LOW HITPOINT WARNING * * *
You block the shadow dragon's attack.
Your +0 quarterstaff of venom hits the shadow dragon.
An ironheart preserver comes into view. It is wielding a +0 dire flail.
You slice the shadow dragon!!
The shadow dragon is severely wounded.
Your basilisk disappears in a puff of smoke!
The vault sentinel hits your molten gargoyle with a +0 falchion!
Your molten gargoyle is destroyed!
The yaktaur captain unwields a +0 arbalest.
The yaktaur captain hits your +0 quarterstaff of venom but does no damage.
Your wind drake bites the yaktaur captain!
The shadow dragon breathes negative energy at you.
The bolt of negative energy hits you!!
You feel drained.
You die...
Your body glows slightly and disappears.

....#.).(†...#
....+..)))...#
#...))...#
#........#
#%)....).# .#
#.)..).).# .#
#.○.)k(.)####'####.#
#...§(c)(pcpp.....^#
#..).@Dcop(aC......#
########+##Y.......#
##........#
#........##+
#...........
#...........
#...........
#..........)
#..#####+###


You could see a shadow dragon, an ironheart preserver, a vault warden, a yaktaur
captain, an entropy weaver, an orc knight, an ettin, a vault sentinel, an
ironbrand convoker, 2 yaktaurs, a yak shaped shifter, a friendly wind drake and
a friendly +0 quarterstaff of venom.

Vanquished Creatures
  Rupert (D:13)
  A sphinx (Vaults:1)
  Gastronok (D:8)
  A storm dragon (Vaults:4)
  3 thorn hunters
  A tengu reaver (Vaults:1)
  A frost giant (Vaults:2)
  A deep elf sorcerer (Vaults:2)
  2 fire giants
  Aizul (Vaults:2)
  4 vault wardens
  4 ironheart preservers
  A stone giant (Vaults:2)
  A deep elf demonologist (Vaults:2)
  The ghost of Taxzan the Cleaver, a journeyman MiGl of Okawaru (Lair:1)
  A deep elf annihilator (Vaults:2)
  A dire elephant (D:14)
  A deep elf death mage (Vaults:2)
  2 ettins
  3 yaktaur captains
  The ghost of Ogunuacw the Carver, a journeyman MiBe of Trog (Lair:1)
  6 vault guards
  Erolcha (D:13)
  A great orb of eyes (Vaults:1)
  20 hydras
  7 ogre magi
  5 shambling mangroves
  7 two-headed ogres
  4 centaur warriors
  5 ghost crabs
  2 death knights
  14 alligators
  The ghost of troglodite the Firebug, a novice DrFE of Gozag (D:10)
  A tengu warrior (D:11)
  A spriggan berserker (Swamp:4)
  2 death yaks (Lair:2)
  5 orc high priests
  Urug (D:13)
  2 deep elf knights (Vaults:2)
  2 flayed ghosts
  A shadow wraith (Vaults:2)
  2 unseen horrors (D:13)
  A spriggan druid (Swamp:3)
  8 deep elf archers
  Pikel (D:5)
  3 wizards
  21 orc knights
  5 deep trolls (Vaults:4)
  2 phantasmal warriors
  5 harpies (Vaults:1)
  14 swamp dragons
  2 necromancers
  7 deep elf magi
  10 ironbrand convokers
  13 cyclopes
  3 wolf spiders
  29 ugly things
  2 orc sorcerers
  A shining eye (shapeshifter) (D:15)
  2 manticores
  10 elephants
  Joseph (D:7)
  Maurice (D:8)
  12 vault sentinels
  An elephant (shapeshifter) (Vaults:1)
  28 spiny frogs
  5 black mambas
  8 komodo dragons
  2 rime drakes (Lair:6)
  An efreet (D:15)
  3 freezing wraiths
  9 yaktaurs
  2 kobold demonologists (Bailey)
  A merfolk (D:15)
  3 polar bears
  10 trolls
  15 tyrant leeches
  17 hornets
  35 slime creatures
  7 dream sheep (Lair:6)
  Prince Ribbit (D:5)
  28 blink frogs
  10 bog bodies
  2 centaur simulacra (D:13)
  7 hippogriffs
  5 spriggans
  A spriggan (shapeshifter) (D:14)
  9 wraiths
  A water elemental (D:13)
  Sigmund (D:2)
  36 yaks
  5 wyverns
  4 hogs (D:7)
  A steam dragon (D:13)
  2 basilisks
  10 vampire mosquitoes
  20 humans
  Edmund (D:4)
  A warg (shapeshifter) (Vaults:2)
  3 hungry ghosts
  7 wargs
  13 swamp worms
  33 insubstantial wisps
  11 water moccasins
  5 acid dragons
  29 orc warriors
  9 porcupines
  16 swamp drakes
  5 ice beasts
  6 sky beasts
  2 eyes of draining
  2 black bears
  An ettin simulacrum (Vaults:2)
  3 phantoms
  5 necrophages (Swamp:1)
  A tengu (Vaults:1)
  14 ogres
  13 wolves
  9 centaurs
  10 crocodiles
  32 bullfrogs
  A gnoll sergeant (D:7)
  2 scorpions
  A wyvern skeleton (D:12)
  11 killer bees
  2 human simulacra (Vaults:1)
  3 wights
  14 electric eels
  8 howler monkeys
  A wyvern simulacrum (D:13)
  4 crimson imps
  16 orc wizards
  A jelly (D:10)
  2 centaur zombies
  4 centaur skeletons
  Crazy Yiuf (D:5)
  13 hounds
  40 orc priests
  2 bullfrog skeletons
  Jessica (D:2)
  3 iguanas
  Ijyb (D:5)
  15 worker ants
  A killer bee zombie (D:9)
  A bullfrog simulacrum (D:13)
  A worker ant zombie (D:11)
  24 gnolls
  12 adders
  A river rat (Vaults:1)
  5 shadow imps
  2 white imps (D:13)
  2 ufetubi
  An adder zombie (D:7)
  A worm (Vaults:1)
  A dart slug (D:2)
  3 leopard geckos
  130 orcs
  4 bats (D:2)
  18 giant cockroaches
  12 goblins
  12 hobgoblins
  10 jackals
  50 kobolds
  9 quokkas
  5 ball pythons (Sewer)
  8 frilled lizards
  2 jackal skeletons (D:5)
  A quokka skeleton (D:4)
  9 rats
  3 plants
1271 creatures vanquished.

Vanquished Creatures (collateral kills)
  A titan (Vaults:4)
  A tengu reaver (Vaults:4)
  3 vault wardens (Vaults:4)
  5 ironheart preservers
  An ettin (Vaults:4)
  The ghost of Bousak the Cleaver, a journeyman OgCK of Xom (Lair:1)
  The ghost of Uwyelish the Archer, a journeyman CeHu of Okawaru (Lair:1)
  2 ogre magi
  A deep elf knight (Vaults:4)
  An ironbrand convoker (Vaults:1)
  A vault sentinel (Vaults:4)
  2 yaktaurs (Vaults:4)
  2 hornets (Vaults:4)
  A black bear (shapeshifter) (Vaults:4)
  A wolf (Vaults:1)
  An ogre (Vaults:4)
  A jelly (Lair:5)
26 creatures vanquished.

Vanquished Creatures (others)
  A storm dragon (Lair:3)
  An ironheart preserver (Vaults:4)
  A deep elf demonologist (Vaults:4)
  An eidolon (Vaults:2)
  A vault guard (Vaults:4)
  3 two-headed ogres (Vaults:2)
  An alligator (Swamp:1)
  5 elephants (Lair:5)
  A vault sentinel (Vaults:4)
  A freezing wraith (Vaults:2)
  A spiny frog (Swamp:1)
  A rime drake (Lair:5)
  A polar bear (Lair:5)
  A tyrant leech (Vaults:4)
  2 slime creatures
  2 insubstantial wisps
  A slave (D:5)
  2 ogres (Vaults:2)
  2 orc warriors (Vaults:2)
  2 wolves (Lair:5)
  An orc priest (Orc:2)
  2 jellies (Lair:5)
  5 bushes
  18 fungi
  68 plants
125 creatures vanquished.

Grand Total: 1422 creatures vanquished

Notes
Turn   | Place    | Note
-------+----------+-------------------------------------------
     0 | D:1      | Exporg the Formicid Fighter began the quest for the Orb.
     0 | D:1      | Reached XP level 1. HP: 18/18 MP: 1/1
   224 | D:1      | Reached XP level 2. HP: 16/24 MP: 2/2
   364 | D:1      | You fall through a shaft!
   964 | D:2      | Noticed Sigmund
   983 | D:2      | Killed Sigmund
   983 | D:2      | Reached skill level 5 in Shields
   983 | D:2      | Reached XP level 3. HP: 21/30 MP: 3/3
   983 | D:2      | Reached XP level 4. HP: 26/37 MP: 4/4
   983 | D:2      | Reached XP level 5. HP: 30/42 MP: 5/5
  1488 | D:2      | Reached XP level 6. HP: 48/48 MP: 6/6
  1593 | D:2      | Noticed Jessica
  1598 | D:2      | Killed Jessica
  1598 | D:2      | Reached skill level 1 in Dodging
  2566 | D:3      | Found a radiant altar of Vehumet.
  2908 | D:4      | Found a sacrificial altar of Ru.
  2936 | D:4      | Noticed Edmund
  2954 | D:4      | Killed Edmund
  2954 | D:4      | Reached XP level 7. HP: 46/54 MP: 7/7
  3511 | D:5      | Entered Level 5 of the Dungeon
  3731 | D:5      | Reached skill level 1 in Maces & Flails
  3731 | D:5      | Reached skill level 6 in Shields
  3735 | D:5      | Noticed Ijyb
  3898 | D:5      | Found the +3 robe of Folly {Archmagi, MR-- Int+5}
  4113 | D:5      | Reached XP level 8. HP: 60/61 MP: 8/8
  4128 | D:5      | Noticed Pikel
  4141 | D:5      | Killed Pikel
  4141 | D:5      | Reached skill level 5 in Fighting
  4252 | D:5      | Noticed Prince Ribbit
  4296 | D:5      | Found a runed translucent door.
  4297 | D:5      | Noticed Crazy Yiuf
  4322 | D:5      | Reached skill level 5 in Armour
  4633 | D:5      | Killed Prince Ribbit
  4832 | D:5      | Killed Ijyb
  4968 | D:5      | Killed Crazy Yiuf
  4968 | D:5      | Reached skill level 5 in Maces & Flails
  4968 | D:5      | Reached XP level 9. HP: 68/68 MP: 9/9
  5169 | D:6      | Reached skill level 7 in Shields
  5572 | D:6      | Found a glowing drain.
  5591 | Sewer    | Entered a sewer
  6227 | D:6      | Found a staircase to the Ecumenical Temple.
  6256 | Temple   | Entered the Ecumenical Temple
  6272 | Temple   | Became a worshipper of Nemelex Xobeh the Trickster
  6668 | D:6      | Received a gift from Nemelex Xobeh
  7980 | D:7      | Noticed Joseph
  8068 | D:6      | Reached skill level 1 in Throwing
  8280 | D:7      | Killed Joseph
  8287 | D:7      | Reached XP level 10. HP: 30/76 MP: 10/10
  8500 | D:7      | Reached skill level 8 in Shields
  8704 | D:7      | Found Ezxezalu's Food Emporium.
  9496 | D:7      | Reached * piety under Nemelex Xobeh
  9748 | D:8      | Noticed Gastronok
  9772 | D:8      | Killed Gastronok
  9772 | D:8      | Reached skill level 9 in Shields
  9772 | D:8      | Reached XP level 11. HP: 51/84 MP: 11/11
 10018 | D:8      | Noticed Maurice
 10598 | D:8      | Killed Maurice
 11282 | D:9      | Noticed a two-headed ogre
 11304 | D:9      | Killed a two-headed ogre
 11304 | D:9      | Reached skill level 10 in Maces & Flails
 12321 | D:9      | Found a staircase to the Lair.
 12473 | D:10     | Entered Level 10 of the Dungeon
 12539 | D:10     | Reached skill level 10 in Shields
 12605 | D:10     | Received a gift from Nemelex Xobeh
 12838 | D:10     | Reached skill level 1 in Invocations
 13133 | D:10     | Found a runed translucent gate.
 13133 | D:10     | Found a runed translucent gate.
 13133 | D:10     | Found a runed translucent gate.
 13135 | D:10     | Noticed a yaktaur captain
 13135 | D:10     | Noticed an ogre mage
 13137 | D:10     | Noticed troglodite's ghost (novice DrFE)
 13387 | D:10     | Reached XP level 12. HP: 63/94 MP: 13/13
 13883 | D:10     | Reached ** piety under Nemelex Xobeh
 13955 | D:11     | Noticed a tengu warrior
 13997 | D:11     | Killed a tengu warrior
 14700 | D:11     | Reached skill level 5 in Axes
 14962 | D:11     | Received a gift from Nemelex Xobeh
 16004 | D:11     | Found a roughly hewn altar of Beogh.
 16479 | Lair:1   | Entered Level 1 of the Lair of Beasts
 17044 | Lair:1   | Received a gift from Nemelex Xobeh
 17142 | Lair:1   | Found a runed translucent gate.
 17142 | Lair:1   | Found a runed translucent gate.
 17142 | Lair:1   | Found a runed translucent gate.
 17143 | Lair:1   | Noticed Uwyelish's ghost (journeyman CeHu)
 17143 | Lair:1   | Noticed Taxzan's ghost (journeyman MiGl)
 17144 | Lair:1   | Noticed Ogunuacw's ghost (journeyman MiBe)
 17144 | Lair:1   | Noticed Bousak's ghost (journeyman OgCK)
 17800 | Lair:2   | Noticed a six-headed hydra
 17808 | Lair:2   | Killed a two-headed hydra
 17808 | Lair:2   | Reached skill level 5 in Invocations
 18190 | Lair:2   | Found a staircase to the Snake Pit.
 18190 | Lair:2   | Received a gift from Nemelex Xobeh
 18204 | Lair:2   | Reached XP level 13. HP: 96/101 MP: 16/16
 18246 | Lair:2   | Reached *** piety under Nemelex Xobeh
 18972 | Lair:3   | Reached skill level 11 in Shields
 20031 | Lair:3   | Noticed a storm dragon
 20031 | Lair:3   | a death yak changed into a storm dragon
 20039 | Lair:3   | Killed a storm dragon
 20309 | Lair:3   | Received a gift from Nemelex Xobeh
 20643 | Lair:3   | Found a blossoming altar of Fedhas.
 21250 | Lair:4   | Noticed a five-headed hydra
 21260 | Lair:4   | Killed a one-headed hydra
 21520 | Lair:4   | Found a staircase to the Swamp.
 21730 | Lair:4   | You fall through a shaft for 2 floors!
 21730 | Lair:6   | Entered Level 6 of the Lair of Beasts
 21730 | Lair:6   | Reached **** piety under Nemelex Xobeh
 22106 | Lair:6   | HP: 5/103 [black mamba (6)]
 22222 | Lair:5   | Found a shimmering altar of Xom.
 22222 | Lair:5   | Noticed Hycrow's ghost (journeyman MiBe)
 22223 | Lair:5   | Found a runed translucent door.
 22249 | Lair:5   | Received a gift from Nemelex Xobeh
 22268 | Lair:5   | Reached skill level 10 in Fighting
 22268 | Lair:5   | Reached skill level 10 in Axes
 22268 | Lair:5   | Reached XP level 14. HP: 30/110 MP: 11/19
 22269 | Lair:5   | Reached skill level 10 in Armour
 22533 | Lair:5   | Found a staircase to the Slime Pits.
 24035 | Lair:4   | Received a gift from Nemelex Xobeh
 24931 | Lair:5   | Reached skill level 12 in Shields
 25201 | Lair:5   | Reached skill level 5 in Dodging
 27193 | Lair:6   | Reached XP level 15. HP: 104/117 MP: 20/22
 28007 | D:12     | Got a pitted flail
 28008 | D:12     | Identified the +7 flail of Patience {crush, rF+ rN+ Str-3}
                  | (You found it on level 12 of the Dungeon)
 28064 | D:12     | Received a gift from Nemelex Xobeh
 28180 | D:12     | Found a staircase to the Orcish Mines.
 28434 | D:12     | Found a flagged portal.
 28447 | Bailey   | Entered a bailey
 28825 | Bailey   | Found an iron altar of Okawaru.
 28957 | Bailey   | Received a gift from Nemelex Xobeh
 29378 | Bailey   | Reached skill level 1 in Evocations
 30105 | D:13     | Noticed Erolcha
 30127 | D:13     | Killed Erolcha
 30352 | D:13     | You fall through a shaft for 2 floors!
 30352 | D:15     | Entered Level 15 of the Dungeon
 30476 | D:14     | Reached ***** piety under Nemelex Xobeh
 30508 | D:13     | Received a gift from Nemelex Xobeh
 30535 | D:13     | Reached skill level 10 in Invocations
 30544 | D:13     | You fall through a shaft!
 31076 | D:13     | Noticed Urug
 31092 | D:13     | Killed Urug
 31262 | D:13     | Received a gift from Nemelex Xobeh
 31900 | D:13     | Noticed Rupert
 31941 | D:13     | Killed Rupert
 32043 | Orc:1    | Entered Level 1 of the Orcish Mines
 32070 | Orc:1    | Received a gift from Nemelex Xobeh
 32155 | Orc:2    | Entered Level 2 of the Orcish Mines
 32798 | Orc:2    | Found a staircase to the Elven Halls.
 32804 | Orc:2    | Received a gift from Nemelex Xobeh
 33169 | Orc:2    | Found a roughly hewn altar of Beogh.
 33424 | Orc:2    | Found Ewienio's Magic Scroll Emporium.
 33424 | Orc:2    | Found Doheadastra's Distillery.
 33716 | Orc:2    | Found Atairul's Jewellery Emporium.
 33730 | Orc:2    | Reached XP level 16. HP: 55/125 MP: 23/23
 34102 | Orc:2    | Found Hothrecw's Antique Armour Boutique.
 34267 | Orc:2    | Bought a scorched plate armour for 924 gold pieces
 34281 | Orc:2    | Identified the +8 plate armour of the Vaults {rC+ MR+} (You
                  | bought it in a shop on level 2 of the Orcish Mines)
 34294 | Orc:2    | Bought a +5 ring of evasion for 880 gold pieces
 34557 | Orc:2    | Found a roughly hewn altar of Beogh.
 34605 | Orc:2    | Bought a scroll of enchant weapon for 75 gold pieces
 34605 | Orc:2    | Bought a scroll of enchant weapon for 75 gold pieces
 34605 | Orc:2    | Bought a scroll of brand weapon for 200 gold pieces
 34607 | Orc:2    | Bought a scroll of identify for 20 gold pieces
 34607 | Orc:2    | Bought a scroll of identify for 20 gold pieces
 35031 | D:14     | Got a scintillating iron amulet
 35032 | D:14     | Identified the amulet of the Harvest {Faith rF+} (You found
                  | it on level 14 of the Dungeon)
 35076 | D:14     | Found a gate to the Vaults.
 35316 | D:15     | Reached skill level 13 in Shields
 35608 | D:15     | Gained mutation: Your magical capacity is low. (-10% MP) [a
                  | shining eye]
 35613 | D:15     | Gained mutation: You occasionally shout uncontrollably at
                  | your foes. [a shining eye]
 35697 | D:15     | Found a staircase to the Depths.
 35914 | D:15     | Received a gift from Nemelex Xobeh
 36817 | Lair:1   | Killed Uwyelish's ghost
 36819 | Lair:1   | Killed Taxzan's ghost
 36822 | Lair:1   | Killed Ogunuacw's ghost
 36825 | Lair:1   | Killed Bousak's ghost
 37035 | D:10     | Killed troglodite's ghost
 37303 | Lair:1   | Got a warped glaive
 37304 | Lair:1   | Identified the +10 glaive "Oddaav" {drain, +Fly SInv} (You
                  | found it on level 1 of the Lair of Beasts)
 37424 | Swamp:1  | Entered Level 1 of the Swamp
 37427 | Swamp:1  | Reached skill level 1 in Polearms
 38463 | Swamp:1  | Received a gift from Nemelex Xobeh
 38482 | Swamp:1  | Reached XP level 17. HP: 121/133 MP: 21/23
 38519 | Swamp:1  | Reached skill level 5 in Polearms
 39765 | Swamp:2  | Received a gift from Nemelex Xobeh
 40003 | Swamp:2  | Received a gift from Nemelex Xobeh
 40216 | Swamp:3  | Found a transporter.
 41039 | Swamp:3  | Reached skill level 10 in Polearms
 41071 | Swamp:3  | Received a gift from Nemelex Xobeh
 41072 | Swamp:3  | Found a transporter.
 41100 | Swamp:3  | Noticed a thorn hunter
 41100 | Swamp:3  | Noticed a thorn hunter
 41110 | Swamp:3  | Killed a thorn hunter
 41121 | Swamp:3  | Killed a thorn hunter
 41166 | Swamp:3  | Got a shimmering zirconium amulet
 41168 | Swamp:3  | Identified the amulet of the Death Scarab {Faith rPois
                  | Dex-2 SInv} (You found it on level 3 of the Swamp)
 41177 | Swamp:3  | Got a twitching silver ring
 41179 | Swamp:3  | Identified the ring of the Median {rPois MR+ Str-3 Dex+7}
                  | (You found it on level 3 of the Swamp)
 41635 | Swamp:4  | Entered Level 4 of the Swamp
 42596 | Swamp:4  | Got a sparkling bronze ring
 42608 | Swamp:4  | Identified the ring "Neiloboa" {Wiz Int+3} (You found it on
                  | level 4 of the Swamp)
 43054 | Swamp:4  | Reached XP level 18. HP: 62/139 MP: 14/23
 43711 | Swamp:4  | Reached skill level 14 in Shields
 44777 | Swamp:4  | Got a decaying rune of Zot
 45215 | Vaults:1 | Entered Level 1 of the Vaults
 45581 | Vaults:1 | Identified the ring "Qagaell" {rF+ Str+3}
 45607 | Vaults:1 | Reached skill level 10 in Dodging
 45923 | Vaults:1 | Reached skill level 15 in Shields
 45982 | Vaults:1 | Reached XP level 19. HP: 21/145 MP: 15/24
 46431 | Vaults:1 | Got a pitted gossamer ring
 46433 | Vaults:1 | Identified the ring "Iqupin" {rElec rPois rC+ Str+5 Dex+3}
                  | (You acquired it on level 1 of the Vaults)
 46475 | Vaults:1 | Received a gift from Nemelex Xobeh
 46899 | Vaults:1 | Found Goidd's Gadget Shop.
 47710 | Vaults:2 | Reached skill level 16 in Shields
 47721 | Vaults:2 | Found Opaps's General Store.
 48054 | Vaults:2 | Noticed a Brimstone Fiend
 48263 | Vaults:2 | Found a staircase to the Crypt.
 48370 | Vaults:2 | Received a gift from Nemelex Xobeh
 48893 | Vaults:2 | Noticed Aizul
 48911 | Vaults:2 | Killed Aizul
 49152 | Vaults:2 | Reached XP level 20. HP: 102/152 MP: 19/25
 49395 | Vaults:2 | Received a gift from Nemelex Xobeh
 49432 | Vaults:2 | You fall through a shaft for 2 floors!
 49550 | Vaults:4 | Reached skill level 17 in Shields
 49628 | Vaults:4 | HP: 2/152 [tengu reaver/bolt of magma (25)]
 49640 | Vaults:4 | Killed from afar by a shadow dragon

Skill      XL: |  1  2  3  4  5  6  7  8  9 10 11 12 13 14 15 16 17 18 19 20 |
---------------+-------------------------------------------------------------+-----
Axes           | 3 4 7 10 11 12 13 | 13.8
Shields        | 5 6 7 9 10 11 12 13 15 16 17 | 17.3
Dodging        | 2 3 4 5 7 8 10 12 13 | 13.1
Fighting       | 4 5 6 7 8 9 10 11 | 11.7
Armour         | 4 5 6 8 9 11 12 13 14 | 14.2
Maces & Flails | 2 5 6 9 10 | 10.6
Throwing       | 2 3 |  3.9
Invocations    | 1 5 7 9 10 11 12 | 12.3
Evocations     | 1 |  1.0
Polearms       | 4 11 12 13 14 | 14.1
Stealth        | |  0.9

Action                   |  1- 3 |  4- 6 |  7- 9 | 10-12 | 13-15 | 16-18 | 19-21 || total
-------------------------+-------+-------+-------+-------+-------+-------+-------++-------
Melee: War axe           |    94 |   121 |    13 |       |       |       |       ||   228
       Dire flail        |       |       |   439 |   555 |       |       |       ||   994
       Battleaxe         |       |       |       |   304 |   991 |   689 |   217 ||  2201
       Flail             |       |       |       |       |     6 |       |       ||     6
       Glaive            |       |       |       |       |       |   331 |   261 ||   592
 Fire: Blowgun           |       |       |    36 |    24 |     2 |       |       ||    62
Throw: Throwing net      |       |       |       |     3 |       |       |       ||     3
Invok: Deal Four         |       |       |       |       |     1 |       |     3 ||     4
 Abil: Draw Destruction  |       |       |       |     3 |    12 |     6 |       ||    21
       Draw Escape       |       |       |       |       |     5 |     1 |     2 ||     8
       Draw Summoning    |       |       |       |       |     2 |     7 |    12 ||    21
       Dig               |       |       |       |       |     1 |     1 |       ||     2
       Shaft Self        |       |       |       |       |     1 |       |       ||     1
Evoke: Wand              |       |       |    13 |       |    12 |       |     2 ||    27
  Use: Potion            |     1 |     1 |       |     3 |     6 |     6 |     6 ||    23
       Scroll            |       |     3 |       |    10 |     9 |    12 |     1 ||    35
 Stab: Confused          |       |       |       |       |       |     1 |       ||     1
       Distracted        |       |       |       |       |       |     1 |     1 ||     2
       Petrifying        |       |       |       |       |       |       |     2 ||     2
       Petrified         |       |       |       |       |       |       |     2 ||     2
  Eat: Chunk             |       |     6 |    14 |    27 |    39 |    15 |     8 ||   109
       Ration            |       |       |     2 |     2 |     3 |     8 |     1 ||    16
Armor: Scale mail        |    36 |    56 |     2 |       |       |       |       ||    94
       Chain mail        |       |       |   131 |   157 |       |       |       ||   288
       Plate armour      |       |       |       |   146 |   419 |   409 |    85 ||  1059
Dodge: Dodged            |    29 |    42 |   147 |   251 |   280 |   494 |   100 ||  1343
Block: Shield            |    58 |    79 |   248 |   513 |   457 |       |       ||  1355
       Large shield      |       |       |       |       |   280 |  1153 |   406 ||  1839
